AoeStats
← PNAL | Bebeganzo

Nomad

509986134Analyzed
4v4 RM · 5d ago on Sep 28, 2026· 37m 24s· 8 players
Game mode
Random Map
Map size
231×231
Population
200
Speed
Normal
Resources
Standard
Victory
Conquest
Starting age
Dark Age
Ending age
Imperial Age
RankedLock teamsTeams togetherTeam positionsShared explorationLock speedFull tech treeHidden civsTurbo modeCheats
Victory
Defeat
🇦🇷 Italians · Argentina
1430
+9
🇨🇱 Varangians · Chile
1348
+12
🇺🇾 Spanish · Uruguay
1328
+13
🇦🇷 Byzantines · Argentina
1107
+23
🇦🇷 Khmer · Argentina
1334
-17
🇦🇷 Aztecs · Argentina
1307
-16
🇪🇸 Huns · Spain
1204
-12
🇦🇷 Saxons · Argentina
1200
-12
XEVER | Masa!
10:58 Loom
16:06 Feudal Age
18:01 Double-Bit Axe
22:40 Castle Age
24:22 Castle Age
23:19 Fletching
24:16 Wheelbarrow
24:29 Scale Mail Armor
24:40 Forging
25:10 Squires
25:52 Gold Mining
25:44 Horse Collar
25:43 Eagle Warrior
27:25 Chain Mail Armor
27:47 Iron Casting
RDA | Damiii el TORO
3:26 Loom
14:47 Feudal Age
18:03 Castle Age
15:57 Double-Bit Axe
19:37 Bow Saw
19:27 Gold Mining
21:52 Fletching
23:21 Crossbowman
24:20 Bodkin Arrow
25:02 Padded Archer Armor
26:24 Town Watch
30:59 Wheelbarrow
32:45 Leather Archer Armor
34:10 Gold Shaft Mining
37:14 Imperial Age
36:21 Hand Cart
36:27 Scale Barding Armor
36:51 Stone Mining
RDA Ghosti
3:17 Loom
13:28 Feudal Age
13:49 Man-at-Arms
17:05 Arson
21:29 Fletching
32:32 Castle Age
RDA | Karnage
12:57 Feudal Age
11:16 Loom
16:35 Bloodlines
22:51 Forging
22:46 Scale Barding Armor
23:58 Fletching
28:23 Castle Age
27:16 Double-Bit Axe
rama xstar
4:56 Loom
15:35 Feudal Age
18:20 Fishing Lines
21:15 Double-Bit Axe
23:35 Castle Age
24:34 Gillnets
25:01 Bow Saw
30:34 Gold Mining
32:30 Gillnets
34:03 Padded Archer Armor
35:29 Husbandry
35:39 Bloodlines
35:32 Horse Collar
37:50 Leather Archer Armor
38:14 Wheelbarrow
PNAL | Bebeganzo
4:00 Loom
13:57 Feudal Age
14:23 Double-Bit Axe
20:47 Castle Age
18:49 Gold Mining
18:41 Horse Collar
19:24 Scale Barding Armor
20:09 Forging
21:06 Wheelbarrow
21:36 Husbandry
22:07 Chain Barding Armor
27:47 Iron Casting
29:21 Stone Mining
34:25 Imperial Age
32:01 Fletching
32:34 Ballistics
32:18 Padded Archer Armor
32:21 Elite Skirmisher
33:50 Bodkin Arrow
34:54 Hand Cart
35:01 Bow Saw
35:17 Treadmill Crane
38:11 Chemistry
37:57 Murder Holes
PNAL | Lipe
4:53 Loom
15:12 Feudal Age
16:57 Double-Bit Axe
18:19 Horse Collar
20:51 Forging
20:31 Fletching
22:33 Wheelbarrow
24:13 Castle Age
22:42 Bloodlines
24:21 Forging
24:47 Scale Barding Armor
25:24 Husbandry
29:52 Wheelbarrow
34:20 Imperial Age
32:40 Hand Cart
32:10 Town Watch
33:42 Chain Barding Armor
33:58 Iron Casting
34:39 Hand Cart
34:40 Cavalier
37:38 Plate Barding Armor
38:13 Blast Furnace
37:44 Bow Saw
PNAL I Ghost
5:00 Loom
13:22 Feudal Age
14:26 Double-Bit Axe
18:21 Castle Age
17:15 Fletching
22:35 Bodkin Arrow
24:17 Bow Saw
25:29 Town Watch
29:17 Fishing Lines
34:46 Imperial Age
34:52 Husbandry
35:02 Bloodlines
35:52 Wheelbarrow
35:20 Padded Archer Armor
36:15 Bracer
37:00 Scale Barding Armor
37:28 Conscription
37:37 Ballistics
Connection lost

Rejoining the realm…

Still unreachable

The connection could not be restored.

Session expired

The server has moved on; the page needs a fresh start.